AoeStats
← Princess Mi Amore Cadenza

MegaRandom

507989488Analyzed
4v4 RM · 12d ago on Sep 20, 2026· 54m 35s· 8 players
Game mode
Random Map
Map size
Large (8 player)
Population
200
Speed
Normal
Resources
Standard
Victory
Conquest
Starting age
Dark Age
Ending age
Imperial Age
RankedLock teamsTeams togetherTeam positionsShared explorationLock speedFull tech treeHidden civsTurbo modeCheats
Victory
Defeat
🇨🇳 Mongols · China
1600
+12
1526
+15
🇨🇳 Jurchens · China
1496
+18
1480
+17
🇧🇷 Dravidians · Brazil
1527
-16
🇫🇷 Khitans · France
1525
-16
🇨🇳 Celts · China
1506
-15
🇨🇳 Spanish · China
1491
-15
丙酮酸嗦话梅
5:09 Loom
11:34 Feudal Age
15:05 Castle Age
13:01 Fishing Lines
13:34 Double-Bit Axe
14:36 Gold Mining
15:59 Medium Warships
17:37 Fletching
18:12 Forging
19:44 Gillnets
21:06 Bow Saw
21:12 Town Watch
23:45 Fletching
24:23 Clinker Construction
27:54 Careening
28:29 Bodkin Arrow
34:14 Imperial Age
33:52 Scale Mail Armor
34:28 Iron Casting
34:06 Pikeman
34:47 Squires
35:05 Halberdier
36:23 Chain Mail Armor
41:37 Chemistry
41:13 Horse Collar
46:47 Wheelbarrow
48:11 Coinage
49:04 Hand Cart
52:58 Caravan
Voxer El Brazilian
10:37 Feudal Age
11:22 Double-Bit Axe
12:50 Fletching
14:09 Loom
16:49 Castle Age
16:04 Fishing Lines
16:20 Gold Mining
17:29 Bodkin Arrow
17:30 Gillnets
17:51 Medium Warships
18:23 Bow Saw
19:46 Ballistics
21:10 Clinker Construction
22:50 Siphons
24:19 Careening
27:34 Horse Collar
29:03 Heavy Plow
30:55 Atonement
34:10 Imperial Age
32:54 Padded Archer Armor
33:00 Stone Mining
33:59 Wheelbarrow
33:09 Town Watch
34:26 Leather Archer Armor
34:59 Bracer
35:26 Heavy Warships
36:04 Chemistry
36:16 Hand Cart
36:09 Thumb Ring
36:06 Husbandry
37:02 Ring Archer Armor
36:36 Elite Elephant Archer
37:43 Conscription
37:10 Elite Cannon Galleon
38:30 Medical Corps
42:07 Masonry
42:52 Caravan
43:52 Hoardings
46:51 Murder Holes
48:57 Coinage
50:03 Scale Mail Armor
50:14 Forging
50:27 Wootz Steel
52:32 Iron Casting
53:27 Dry Dock
53:28 Carvel Hull
53:21 Incendiaries
53:11 Heated Shot
53:42 Chain Mail Armor
Lil Fabrice
11:56 Feudal Age
13:05 Double-Bit Axe
16:03 Castle Age
14:24 Fishing Lines
14:29 Domestication
14:50 Gold Mining
16:20 Fletching
17:14 Bow Saw
20:29 Padded Archer Armor
22:09 Wheelbarrow
21:19 Town Watch
23:41 Hand Cart
23:12 Town Watch
23:14 Loom
24:47 Ballistics
26:13 Stone Mining
27:07 Bodkin Arrow
27:25 Husbandry
28:30 Stone Shaft Mining
28:57 Gillnets
31:43 Imperial Age
30:45 Forging
30:36 Scale Mail Armor
30:39 Treadmill Crane
31:24 Squires
31:10 Arson
31:13 Gambesons
32:06 Iron Casting
31:59 Caravan
33:04 Chain Mail Armor
33:54 Bracer
33:29 Pikeman
34:41 Lamellar Armor
36:02 Plate Mail Armor
35:34 Elite Liao Dao
42:02 Conscription
45:35 Elite Skirmisher
46:34 Leather Archer Armor
54:12 Siege Engineers
微变等效电路法
3:56 Loom
11:42 Feudal Age
16:45 Castle Age
17:12 Man-at-Arms
18:07 Double-Bit Axe
19:58 Long Swordsman
23:23 Stone Mining
31:36 Bow Saw
33:05 Pikeman
34:57 Wheelbarrow
39:11 Horse Collar
43:31 Imperial Age
43:37 Imperial Age
41:09 Gold Mining
41:07 Horse Collar
41:22 Gambesons
41:23 Arson
41:42 Scale Mail Armor
41:52 Forging
42:33 Hand Cart
43:15 Chain Mail Armor
43:10 Stronghold
43:37 Masonry
43:51 Halberdier
45:55 Plate Mail Armor
45:57 Capped Ram
47:18 Iron Casting
46:51 Siege Engineers
47:35 Siege Ram
52:10 Blast Furnace
54:56 Coinage
54:26 Caravan
黑人快去挖矿
11:23 Feudal Age
12:08 Double-Bit Axe
13:41 Fletching
22:26 Castle Age
21:54 Gold Mining
23:20 Medium Warships
23:09 Bodkin Arrow
29:03 Wheelbarrow
28:41 Town Watch
34:39 Horse Collar
35:30 Heavy Plow
36:35 Bow Saw
41:37 Imperial Age
40:42 Scale Barding Armor
42:25 Bracer
42:26 Padded Archer Armor
51:13 Fervor
51:25 Sanctity
55:11 Illumination
55:03 Block Printing
55:10 Block Printing
BiliBili风间
9:39 Feudal Age
10:05 Feudal Age
10:22 Feudal Age
14:35 Castle Age
12:22 Double-Bit Axe
14:30 Stone Mining
14:35 Fletching
14:54 Loom
15:00 Town Watch
16:33 Bow Saw
17:24 Horse Collar
18:57 Bodkin Arrow
21:20 Padded Archer Armor
27:17 Ballistics
27:34 Leather Archer Armor
27:55 Heavy Plow
30:06 Wheelbarrow
31:59 Gold Mining
35:46 Imperial Age
34:06 Stone Shaft Mining
34:39 Bloodlines
35:08 Hand Cart
36:07 Husbandry
35:55 Elite Mangudai
37:07 Bracer
37:13 Thumb Ring
38:25 Conscription
39:28 Chemistry
38:34 Siege Engineers
39:23 Gold Shaft Mining
38:19 Capped Ram
39:13 Onager
40:50 Hoardings
41:14 Parthian Tactics
41:51 Siege Onager
44:18 Siege Engineers
45:00 Drill
45:05 Siege Ram
Princess Mi Amore Cadenza
0:33 Loom
10:26 Feudal Age
11:00 Double-Bit Axe
17:06 Fletching
20:32 Castle Age
18:32 Fishing Lines
19:51 Gold Mining
21:28 Medium Warships
21:32 Bow Saw
21:43 Bodkin Arrow
23:58 Wheelbarrow
23:47 Demolition Ship
26:13 Clinker Construction
29:57 Stone Mining
33:17 Horse Collar
39:37 Imperial Age
37:30 Ballistics
38:42 Heavy Plow
39:25 Fortified Wall
41:10 Heavy Warships
41:44 Shipwright
42:11 Bracer
42:50 Careening
43:31 Conscription
45:08 Chemistry
46:41 Hand Cart
49:01 Eagle Warrior
49:42 Squires
49:55 Scale Mail Armor
49:54 Elite Eagle Warrior
50:55 Chain Mail Armor
52:11 Plate Mail Armor
54:13 Holcans
正在以雷霆之姿草飞啊这的老冯
10:12 Feudal Age
10:40 Double-Bit Axe
16:02 Horse Collar
19:43 Gold Mining
21:15 Wheelbarrow
24:03 Castle Age
21:50 Loom
23:50 Scale Barding Armor
23:55 Forging
24:44 Bloodlines
26:55 Chain Barding Armor
28:55 Iron Casting
30:28 Heavy Plow
33:49 Imperial Age
30:52 Demolition Ship
31:31 Fishing Lines
33:55 Hand Cart
33:25 Town Watch
34:02 Elite Steppe Lancer
35:17 Plate Barding Armor
35:43 Blast Furnace
36:08 Fletching
38:31 Bodkin Arrow
42:03 Coinage
50:44 Capped Ram
53:40 Siege Ram
Connection lost

Rejoining the realm…

Still unreachable

The connection could not be restored.

Session expired

The server has moved on; the page needs a fresh start.